 Dungeon Crawl Stone Soup version 0.27-a0-1090-gb115f176c6 (webtiles) character file.

Game seed: 11466428986542332750

83 siradein the Slasher (level 4, -6/39 HPs)
             Began as a Minotaur Abyssal Knight on Apr 28, 2021.
             Was a Believer of Lugonu.
             Mangled by Crazy Yiuf
             ... wielding a +2 quarterstaff of chaos
              (11 damage)
             ... on level 2 of the Dungeon.
             The game lasted 00:10:25 (2197 turns).

siradein the Slasher (Minotaur Abyssal Knight)      Turns: 2197, Time: 00:10:26

Health: -6/39      AC:  8    Str: 18    XL:     4   Next: 22%
Magic:  5/5        EV:  7    Int:  9    God:    Lugonu [**....]
Gold:   162        SH:  0    Dex:  9    Spells: 3/3 levels left

rFire    . . .     SeeInvis .   a - +2 falchion
rCold    . . .     Faith    .   (no shield)
rNeg     + . .     Spirit   .   j - +0 chain mail
rPois    .         Reflect  .   (helmet restricted)
rElec    .         Harm     .   (no cloak)
rCorr    .         Rampage  .   (no gloves)
Will     .....                  (no boots)
Stlth    ..........             h - amulet of the acrobat
HPRegen  0.13/turn              i - ring of positive energy
MPRegen  0.09/turn              (no ring)

@: no status effects
A: horns 2, retaliatory headbutt
a: Renounce Religion, Depart the Abyss, Bend Space


You were on level 2 of the Dungeon.
You worshipped Lugonu.
Lugonu was pleased with you.
You visited 1 branch of the dungeon, and saw 3 of its levels.
You visited the Abyss 1 time.

You collected 162 gold pieces.

Inventory:

Hand Weapons
 a - a +2 falchion (weapon)
Armour
 j - a +0 chain mail (worn)
Jewellery
 h - an amulet of the acrobat (around neck)
 i - a ring of positive energy (left hand)
Scrolls
 c - a scroll of identify {unknown}
 f - a scroll of enchant weapon
Potions
 b - a potion of curing {unknown}
 d - 3 potions of mutation {unknown}
 e - a potion of magic {unknown}
 g - a potion of resistance {unknown}


   Skills:
 - Level 3.6 Fighting
 + Level 4.2 Long Blades
 - Level 2.4 Armour
 - Level 1.1 Dodging
 + Level 3.3 Invocations


You had 3 spell levels left.
You didn't know any spells.
Your spell library was empty.

Dungeon Overview and Level Annotations

Branches:
Dungeon (3/15)

Altars:

Annotations:
D:2 Crazy Yiuf


Innate Abilities, Weirdness & Mutations

You have a pair of horns on your head.
You reflexively headbutt those who attack you in melee.


Message History

You now have 162 gold pieces (gained 10).
d - 3 smoky grey potions
As you read the scroll labelled NUHIBR FIEJUGH, it crumbles to dust.
It is a scroll of enchant weapon.
Your +1 falchion glows red for a moment.
An ogre comes into view. It is wielding a +0 giant spiked club.
The ogre shouts!
Found 16 arrows.
Found a stone staircase leading down.
An ogre is nearby!
The ogre misses you.
You see here 3 boomerangs.
You closely miss the ogre.
The ogre hits you with a +0 giant spiked club!
Space bends around you!
You blink.
Space bends around you!
You blink.
There is an escape hatch in the ceiling here.
A mysterious force pulls you upwards. The hatch slams shut behind you.
Level annotation: Crazy Yiuf You start resting.
Magic restored.
You start resting.
HP restored.
There is an open translucent door here.
Done exploring.
Done exploring.
There is an open translucent door here.
Crazy Yiuf shouts!
Crazy Yiuf zaps a wand.
The puff of flame hits you.
You start resting.
Crazy Yiuf is nearby!
You closely miss Crazy Yiuf.
Crazy Yiuf hits you with a +2 quarterstaff of chaos!
Crazy Yiuf hits you but does no damage. Space warps horribly around you!
You barely miss Crazy Yiuf.
Crazy Yiuf zaps a wand.
The puff of flame hits you.
You closely miss Crazy Yiuf. You headbutt Crazy Yiuf!
Crazy Yiuf is heavily wounded.
Crazy Yiuf hits you with a +2 quarterstaff of chaos!
* * * LOW HITPOINT WARNING * * *
You are electrocuted!
You die...

#..# ##. ############
#.## #. #..........###
#.# #. #............#
#.# #.
#..#######.#.###### #.#
#. #..#
#........###.######.
#..#
#####.......#........##.
#..#
#......g....##)#..##.#..
#>.#
#.#####@.#####..........
#..# #.# #....#
##[#..#.#... #..# #.#
♣....♣ #.##...###..
#..###.# ♣♣...♣ ####..##
##. #......# ♣♣.♣♣
#.#.###.# ##.<...# ♣♣.♣
#....#.## #####.# ♣.♣♣
########..## ####.# ♣♣.♣
#..........# #....# ♣.♣♣
########.#..


You could see Crazy Yiuf.

Vanquished Creatures
  A hound skeleton (D:3)
  An adder (D:2)
  A worm (D:2)
  2 dart slugs
  8 ball pythons
  4 bats (D:1)
  6 endoplasms
  A giant cockroach (D:1)
  7 goblins
  4 hobgoblins
  3 jackals (D:1)
  4 quokkas
  A frilled lizard (D:1)
  3 kobolds (D:1)
  3 rats (D:1)
49 creatures vanquished.

Notes
Turn   | Place    | Note
-------+----------+-------------------------------------------
     0 | Abyss:1  | siradein the Minotaur Abyssal Knight began the quest for
                  | the Orb.
     0 | Abyss:1  | Reached XP level 1. HP: 19/19 MP: 1/1
   146 | Abyss:1  | Noticed a wretched star
   148 | D:1      | Escaped the Abyss
   286 | D:1      | Reached * piety under Lugonu
   314 | D:1      | Reached XP level 2. HP: 25/26 MP: 2/2
   331 | D:1      | Reached skill level 3 in Long Blades
   514 | D:1      | Reached XP level 3. HP: 31/31 MP: 2/4
  1149 | D:2      | Reached ** piety under Lugonu
  1245 | D:2      | Reached skill level 4 in Long Blades
  1447 | D:2      | Found a runed translucent door.
  1448 | D:2      | Noticed Crazy Yiuf
  1556 | D:2      | Reached XP level 4. HP: 35/39 MP: 5/5
  2012 | D:3      | Noticed an ogre
  2197 | D:2      | Mangled by Crazy Yiuf

Illustrated notes

Levels and vault maps discovered:
D:1:      amcnicky_arrival_choice, layout_rooms, chequers_serial_rivers_room_b,
          minmay_surrounded
D:2:      layout_loops_ring, uniq_crazy_yiuf_cottage
D:3:      layout_rooms

Skill      XL: |  1  2  3 |
---------------+----------+-----
Invocations    | 2 3 |  3.3
Long Blades    | 3 4 |  4.2
Fighting       | |  3.6
Armour         | |  2.4
Dodging        | |  1.1

Action                   |  1- 3 |  4- 6 || total
-------------------------+-------+-------++-------
Melee: Falchion          |    85 |     9 ||    94
       Headbutt          |     9 |     1 ||    10
Invok: Depart the Abyss  |     1 |       ||     1
       Bend Space        |       |     2 ||     2
  Use: Scroll            |       |     1 ||     1
Armor: Ring mail         |    36 |     4 ||    40
       Chain mail        |       |     1 ||     1
Dodge: Dodged            |    47 |     8 ||    55
       Rpst.: Falchion   |    12 |       ||    12

Table legend: (Time is in decaauts)
 A = Elapsed time spent in this place.
 B = Non-inter-level travel time spent in this place.
 C = Inter-level travel time spent in this place.
 D = Time resting spent in this place.
 E = Time spent auto-exploring this place.
 F = Levels seen in this place.
 G = Mean time per level.
                   A        B        C        D        E       F      G
               +--------+--------+--------+--------+--------+-----+--------+
         Total |   2209 |   2198 |     11 |    113 |   1483 |   4 |  552.2 |
       Dungeon |   2061 |   2050 |     11 |    113 |   1405 |   3 |  687.0 |
         Abyss |    148 |    148 |      0 |      0 |     78 |   1 |  148.0 |
               +--------+--------+--------+--------+--------+-----+--------+

Top non-repeatable levels by time:
     D:2: 1072 daAuts
     D:1: 797 daAuts
     D:3: 191 daAuts
 Abyss:1: 148 daAuts
